 Dungeon Crawl Stone Soup version 0.30.1-1-g62c8e00024 (webtiles) character file.

Game seed: 12300501920848379936

44823 GeoRichter the Basher (level 15, -28/137 HPs)
             Began as a Meteoran Gladiator on July 15, 2023.
             Was a High Priest of Nemelex Xobeh.
             Annihilated by a minotaur
             ... wielding a +6 battleaxe of flaming
              (35 damage)
             ... in a Gauntlet.
             The game lasted 00:36:04 (7165 turns).

GeoRichter the Basher (Meteoran Gladiator)          Turns: 7165, Time: 00:36:05

Health: -28/137    AC: 14    Str: 24    XL:     15   Next: 9%
Magic:  33/33      EV: 19    Int: 13    God:    Nemelex Xobeh [*****.]
Gold:   565        SH:  0    Dex: 17    Spells: 14/14 levels left

rFire   + + .        a - +0 demon whip (vamp) {!w}
rCold   x . .        (no shield)
rNeg    . . .        D - +0 troll leather armour
rPois   .            J - +2 helmet
rElec   .            y - +0 cloak
rCorr   .            n - +2 pair of gloves
SInv    .            A - +0 pair of boots {Stlth+}
Will    ++...        k - amulet of the Intense God {Acrobat Will+}
Stlth   +            K - ring of fire
HPRegen 1.22/turn    w - ring "Lemamaesod" {rF+ MP+9 Str+4}
MPRegen 0.23/turn

%: no teleportation, acrobat
@: glowing
A: sense surroundings 2, otherworldly, glowing, explore regen
a: Renounce Religion, Draw Escape, Draw Destruction, Draw Summoning, Triple
Draw, Deal Four, Stack Five


You were in a Gauntlet.
You worshipped Nemelex Xobeh.
Nemelex Xobeh was extremely pleased with you.
You visited 2 branches of the dungeon, and saw 16 of its levels.
You also visited: Gauntlet.

You collected 751 gold pieces.
You spent 186 gold pieces at shops.

Inventory:

Hand Weapons
 a - a +0 vampiric demon whip (weapon) {!w}
   (You took it off a balrug in a Gauntlet)
 q - a +2 vampiric flail {!w}
   (You took it off a gnoll on level 5 of the Dungeon)
 t - a +4 heavy arbalest
   (You found it on level 7 of the Dungeon)
Missiles
 d - 6 throwing nets {!f}
 e - 5 javelins
 o - 27 poisoned darts (quivered)
Armour
 n - a +2 pair of gloves (worn)
   (You found it on level 2 of the Dungeon)
 y - a +0 cloak (worn)
   (You found it on level 8 of the Dungeon)
 A - a +0 pair of boots of stealth (worn)
   (You bought it in a shop on level 8 of the Dungeon)
 D - a +0 troll leather armour (worn)
   (You found it on level 10 of the Dungeon)
 J - a +2 helmet (worn)
   (You found it on level 1 of the Lair of Beasts)
Jewellery
 k - the amulet of the Intense God (around neck) {Acrobat Will+}
   (You found it on level 7 of the Dungeon)

   [amulet of the acrobat]

   It increases your evasion while moving and waiting.
   Will:      It increases your willpower.
 r - a +6 ring of intelligence
   (You found it on level 2 of the Dungeon)
 w - the ring "Lemamaesod" (right hand) {rF+ MP+9 Str+4}
   (You found it on level 8 of the Dungeon)

   [ring of magical power]

   Str:       It affects your strength (+4).
   rF:        It protects you from fire.
   MP:        It affects your magic capacity (+9).
 K - a ring of fire (left hand)
   (You found it in a Gauntlet)
Wands
 j - a wand of mindburst (20)
   (You found it on level 8 of the Dungeon)
 z - a wand of flame (29)
   (You took it off a kobold on level 9 of the Dungeon)
 B - a wand of charming (2)
   (You took it off Erica on level 9 of the Dungeon)
 F - a wand of iceblast (14)
   (You found it on level 10 of the Dungeon)
 I - a wand of light (4)
   (You found it on level 1 of the Lair of Beasts)
Scrolls
 b - 5 scrolls of poison {!r}
 c - 3 scrolls of teleportation {@r4}
 h - 2 scrolls of fog
 i - a scroll of noise {!r}
 u - 3 scrolls of enchant weapon
Potions
 f - 5 potions of flight
 g - 2 potions of ambrosia {unknown}
 l - 3 potions of lignification {!q}
 p - 2 potions of curing {@q1}
 v - 6 potions of mutation {!q}
 x - 3 potions of haste {unknown}
 E - 2 potions of magic {unknown}
 G - a potion of heal wounds {@q2}
 H - a potion of might {unknown}
 L - 2 potions of cancellation
 M - a potion of degeneration {unknown}
Miscellaneous
 m - a box of beasts
   (You found it on level 7 of the Dungeon)
 s - a phial of floods
   (You found it on level 7 of the Dungeon)


   Skills:
 + Level 13.8 Fighting
 - Level 14.0 Maces & Flails
 * Level 10.8 Ranged Weapons
 - Level 2.4 Throwing
 - Level 7.1 Armour
 + Level 12.0 Dodging
 - Level 11.0 Invocations
 + Level 8.9 Evocations


You had 14 spell levels left.
You didn't know any spells.
Your spell library contained the following spells:

 Spells                   Type           Power      Damage    Failure   Level
 Freeze                   Ice            0%         1d3       34%         1
 Summon Small Mammal      Summ           0%         N/A       34%         1
 Blink                    Tloc           0%         N/A       45%         2
 Lesser Beckoning         Tloc           0%         N/A       45%         2
 Momentum Strike          Conj/Tloc      0%         3d8       45%         2
 Call Canine Familiar     Summ           0%         N/A       71%         3
 Frozen Ramparts          Ice            0%         1d1       71%         3
 Hailstorm                Conj/Ice       0%         3d3       71%         3
 Portal Projectile        Hex/Tloc       0%         N/A       71%         3
 Summon Guardian Golem    Hex/Summ       0%         N/A       71%         3
 Leda's Liquefaction      Hex/Erth       0%         N/A       98%         4
 Passage of Golubria      Tloc           0%         N/A       98%         4
 Silence                  Hex/Air        0%         N/A       100%        5
 Orb of Destruction       Conj           0%         9d5       100%        7
 Spellforged Servitor     Conj/Summ      0%         N/A       100%        7
 Lehudib's Crystal Spear  Conj/Erth      0%         10d2      100%        8


Dungeon Overview and Level Annotations

Branches:
Dungeon (11/15) Zot: 1492  Temple (0/1) D:7            Lair (5/5) D:11 Zot: 1391
 Shoals (0/4) Lair:3        Snake (0/4) Lair:3        Slime (0/5) Lair:4
    Orc (0/2) D:9         Gauntlet (1/1) Zot: 473

Altars:
Ashenzari
Dithmenos
Gozag
Nemelex Xobeh
Ru
Trog
Uskayaw
Wu Jian
Yredelemnul
Zin

Shops:
D:8 [   D:10 [

Annotations:
D:4 2 transporters, Philippstinkt's ghost, weakling MiHu Gauntlet 4 transporters


Innate Abilities, Weirdness & Mutations

You passively map the area around you.
You are easily found by Zot.
You glow in the dark.
You regain HP and MP as you explore.


Message History

The minotaur bellows!
Found a runed rapier.
Found a gate leading back out of this place.
You whack the minotaur!
The minotaur is moderately wounded.
The minotaur barely misses you. The minotaur gores you!
You hit the minotaur but do no damage.
The minotaur is moderately wounded.
You hit the minotaur but do no damage.
The minotaur is moderately wounded.
The minotaur hits you with a +6 battleaxe of flaming!
The minotaur burns you. The minotaur gores you.
You hit the minotaur but do no damage.
The minotaur is moderately wounded.
You hit the minotaur.
You feel better.
The minotaur is moderately wounded.
The minotaur hits you with a +6 battleaxe of flaming!!
The minotaur burns you.
The minotaur gores you but does no damage.
You hit the minotaur but do no damage.
The minotaur is moderately wounded.
You hit the minotaur.
You feel better.
The minotaur is moderately wounded.
The minotaur hits you with a +6 battleaxe of flaming!!
* * * LOW HITPOINT WARNING * * *
The minotaur burns you.
* * * LOW HITPOINT WARNING * * *
The minotaur gores you but does no damage.
You hit the minotaur but do no damage.
The minotaur is moderately wounded.
You hit the minotaur.
The minotaur is moderately wounded.
The minotaur hits you with a +6 battleaxe of flaming!!
* * * LOW HITPOINT WARNING * * *
The minotaur burns you.
* * * LOW HITPOINT WARNING * * *
The minotaur misses you.
You closely miss the minotaur.
The minotaur is moderately wounded.
You hit the minotaur but do no damage.
The minotaur is moderately wounded.
The minotaur hits you with a +6 battleaxe of flaming!!
* * * LOW HITPOINT WARNING * * *
The minotaur gores you.
* * * LOW HITPOINT WARNING * * *
As you read the scroll of fear, it crumbles to dust.
You assume a fearsome visage.
The minotaur easily resists.
The minotaur hits you with a +6 battleaxe of flaming!!
You die...
Your body glows with a rainbow of weird colours and disappears.

*8 *
...............§*
8# *
.8.8..©.©..8.8.8#
**# *
...............≈#
###.###.###.####
###.###.###.##
#.............#
#.###.###.###.#
#.###.###.###.
#.....@.......*
#######H######
... * *.### * ..
~ ∩≈ ≈≈≈ ###


You could see a minotaur.

Vanquished Creatures
  A quicksilver ooze (Gauntlet)
  Harold (Lair:1)
  Erica (D:9)
  2 two-headed ogres
  6 death yaks
  A skeletal warrior (D:9)
  A cyclops (D:7)
  A black mamba (Lair:3)
  Joseph (D:7)
  8 elephants
  5 cane toads
  3 gargoyles
  Maggie (Lair:1)
  4 komodo dragons
  2 polar bears
  2 trolls
  A hornet (D:11)
  4 blink frogs
  A centaur simulacrum (Gauntlet)
  A wraith (D:7)
  2 shadows
  4 wyverns
  A fire bat (Lair:3)
  47 yaks
  A hog (Lair:3)
  2 basilisks
  A warg (Lair:3)
  2 nagas (Lair:3)
  8 water moccasins
  A meliai simulacrum (Gauntlet)
  2 black bears
  3 orc warriors
  An ice beast (D:7)
  5 centaurs
  3 ogres
  5 wolves (Lair:3)
  2 phantoms
  3 kobold brigands
  4 bullfrogs
  2 wights
  A hornet simulacrum (Gauntlet)
  16 killer bees (D:9)
  7 howler monkeys
  6 hounds
  3 jellies
  6 orc priests
  4 gnoll boudas
  4 iguanas
  9 orc wizards
  A hell rat (Lair:5)
  16 gnolls
  7 adders
  2 shadow imps (D:7)
  4 white imps (D:7)
  2 ufetubi
  2 dart slugs
  22 orcs
  6 ball pythons
  3 bats
  9 endoplasms
  3 giant cockroaches
  5 goblins
  6 hobgoblins
  5 jackals
  2 quokkas
  2 frilled lizards
  18 kobolds
  8 rats
  A butterfly (Lair:3)
326 creatures vanquished.

Vanquished Creatures (collateral kills)
  A balrug (Gauntlet)
  A quicksilver ooze (Lair:2)
  A great orb of eyes (Lair:2)
  A catoblepas (Lair:2)
  4 death yaks (Lair:2)
  3 skysharks
  A lindwurm (Lair:5)
  8 elephants
  A cane toad (Lair:5)
  4 rime drakes
  A komodo dragon (Lair:5)
  3 polar bears (Lair:5)
  8 blink frogs
  3 yaks (Lair:5)
  A basilisk (Lair:5)
  A hell hound (Gauntlet)
  2 wights (D:6)
  3 hell rats (Lair:5)
47 creatures vanquished.

Vanquished Creatures (others)
  An orc wizard (D:7)
1 creature vanquished.

Grand Total: 374 creatures vanquished

Notes
Turn   | Place    | Note
-------+----------+-------------------------------------------
     0 | D:1      | GeoRichter the Meteoran Gladiator began the quest for the
                  | Orb.
     0 | D:1      | Reached XP level 1. HP: 17/17 MP: 2/2
    54 | D:1      | Reached XP level 2. HP: 15/25 MP: 3/3
   297 | D:1      | Reached XP level 3. HP: 26/30 MP: 4/4
   337 | D:2      | Reached skill level 5 in Maces & Flails
   542 | D:3      | Reached XP level 4. HP: 37/37 MP: 5/5
   708 | D:3      | Reached skill level 6 in Maces & Flails
   708 | D:3      | Reached XP level 5. HP: 22/45 MP: 6/6
   776 | D:3      | Found a sparkling altar of Nemelex Xobeh.
   808 | D:3      | Became a worshipper of Nemelex Xobeh the Trickster
   993 | D:4      | Found a transporter.
   996 | D:4      | Found a transporter.
   999 | D:4      | Noticed Philippstinkt's ghost (weakling MiHu)
  1048 | D:4      | Reached XP level 6. HP: 52/52 MP: 7/7
  1125 | D:4      | Reached skill level 7 in Maces & Flails
  1216 | D:4      | Reached skill level 8 in Maces & Flails
  1216 | D:4      | Reached XP level 7. HP: 58/60 MP: 8/8
  1231 | D:4      | Identified the +3 trident of Dishonour {vamp, Int-2 Dex+6}
  1458 | D:5      | Entered Level 5 of the Dungeon
  1517 | D:5      | Reached * piety under Nemelex Xobeh
  1548 | D:5      | Reached skill level 1 in Invocations
  1682 | D:5      | Reached skill level 5 in Fighting
  1682 | D:5      | Reached skill level 9 in Maces & Flails
  1685 | D:5      | Reached XP level 8. HP: 48/68 MP: 7/10
  1706 | D:5      | Received a gift from Nemelex Xobeh
  1732 | D:6      | Noticed a two-headed ogre
  1907 | D:6      | Killed a two-headed ogre
  1908 | D:6      | Reached skill level 11 in Maces & Flails
  1908 | D:6      | Reached skill level 5 in Invocations
  1908 | D:6      | Gained mutation: You passively map the area around you.
                  | [Meteoran growth]
  1908 | D:6      | Reached XP level 9. HP: 65/78 MP: 8/13
  2253 | D:7      | Reached skill level 12 in Maces & Flails
  2416 | D:7      | Reached ** piety under Nemelex Xobeh
  2443 | D:7      | Found an ornate altar of the Wu Jian Council.
  2495 | D:7      | Reached XP level 10. HP: 51/86 MP: 6/15
  2544 | D:7      | Reached skill level 1 in Armour
  2578 | D:7      | Found an opulent altar of Gozag.
  2579 | D:7      | Found a broken altar of Ashenzari.
  2579 | D:7      | Found a shadowy altar of Dithmenos.
  2579 | D:7      | Found a hide-covered altar of Uskayaw.
  2588 | D:7      | Noticed a two-headed ogre
  2591 | D:7      | Noticed a cyclops
  2601 | D:7      | Killed a two-headed ogre
  2602 | D:7      | Reached skill level 13 in Maces & Flails
  2623 | D:7      | Killed a cyclops
  2624 | D:7      | Reached skill level 5 in Dodging
  2630 | D:7      | Noticed a gargoyle
  2631 | D:7      | Noticed a gargoyle
  2658 | D:7      | Killed a gargoyle
  2676 | D:7      | Noticed Joseph
  2715 | D:7      | Killed a gargoyle
  2716 | D:7      | Reached skill level 14 in Maces & Flails
  2716 | D:7      | Reached XP level 11. HP: 69/94 MP: 11/18
  2727 | D:7      | Killed Joseph
  2788 | D:7      | Identified the +6 chain mail "Zefoonibb" {Harm rF- Str-3
                  | SInv}
  2788 | D:7      | Identified the amulet of the Intense God {Acrobat Will+}
  2790 | D:7      | Identified the +2 robe "Neuxies" {rF+}
  2893 | D:7      | Found a basalt altar of Yredelemnul.
  2902 | D:7      | Found a glowing silver altar of Zin.
  2902 | D:7      | Found a sacrificial altar of Ru.
  3047 | D:7      | Found a staircase to the Ecumenical Temple.
  3122 | D:8      | Reached skill level 5 in Armour
  3413 | D:8      | Identified the ring "Lemamaesod" {rF+ MP+9 Str+4}
  3569 | D:8      | Received a gift from Nemelex Xobeh
  3579 | D:8      | Found Zeita's Armour Emporium.
  3587 | D:8      | Bought a +0 ring mail for 48 gold pieces
  3587 | D:8      | Bought a +0 pair of boots of stealth for 138 gold pieces
  3625 | D:9      | Identified the +7 short sword "Plog" {vamp, rElec rF+ rN+}
  3705 | D:9      | Reached *** piety under Nemelex Xobeh
  3996 | D:9      | Found a staircase to the Orcish Mines.
  4231 | D:9      | Noticed Erica
  4309 | D:9      | Reached skill level 10 in Fighting
  4331 | D:9      | Killed Erica
  4332 | D:9      | Reached skill level 10 in Invocations
  4332 | D:9      | Reached XP level 12. HP: 52/106 MP: 20/20
  4443 | D:9      | Noticed a skeletal warrior
  4465 | D:9      | Killed a skeletal warrior
  4547 | D:10     | Entered Level 10 of the Dungeon
  4954 | D:10     | Reached skill level 1 in Evocations
  4968 | D:10     | Found Hurir's Antique Armour Boutique.
  5050 | D:10     | Reached **** piety under Nemelex Xobeh
  5130 | D:11     | Paralysed by a hornet for 2 turns
  5134 | D:11     | Paralysed by a hornet for 2 turns
  5238 | D:11     | Found a staircase to the Lair.
  5248 | Lair:1   | Entered Level 1 of the Lair of Beasts
  5248 | Lair:1   | Noticed Harold
  5266 | Lair:1   | Killed Harold
  5354 | Lair:1   | Received a gift from Nemelex Xobeh
  5380 | Lair:1   | Noticed Maggie
  5401 | Lair:1   | Killed Maggie
  5605 | Lair:1   | Reached skill level 1 in Ranged Weapons
  5774 | Lair:2   | Received a gift from Nemelex Xobeh
  5816 | Lair:2   | Noticed a death yak
  5816 | Lair:2   | Noticed a death yak
  5817 | Lair:2   | Noticed a death yak
  5817 | Lair:2   | Noticed a death yak
  5817 | Lair:2   | Noticed a death yak
  5818 | Lair:2   | Noticed a death yak
  5818 | Lair:2   | Noticed a death yak
  5818 | Lair:2   | Noticed a death yak
  5845 | Lair:2   | Killed a death yak
  5846 | Lair:2   | Reached XP level 13. HP: 67/117 MP: 22/22
  5863 | Lair:2   | HP: 4/117 [death yak (9)]
  5866 | Lair:2   | a death yak changed into a great orb of eyes
  5866 | Lair:2   | Noticed a great orb of eyes
  5866 | Lair:2   | a death yak changed into a quicksilver ooze
  5866 | Lair:2   | Noticed a quicksilver ooze
  5866 | Lair:2   | a death yak changed into a catoblepas
  5866 | Lair:2   | Noticed a catoblepas
  5913 | Lair:2   | Killed a great orb of eyes
  5915 | Lair:2   | Killed a quicksilver ooze
  5918 | Lair:2   | Killed a catoblepas
  5921 | Lair:2   | Killed a death yak
  5926 | Lair:2   | Killed a death yak
  5927 | Lair:2   | Reached skill level 5 in Ranged Weapons
  5927 | Lair:2   | Reached skill level 5 in Evocations
  5932 | Lair:2   | Killed a death yak
  5935 | Lair:2   | Killed a death yak
  5992 | Lair:2   | Received a gift from Nemelex Xobeh
  6052 | Lair:3   | Noticed a death yak
  6061 | Lair:3   | Noticed a death yak
  6062 | Lair:3   | Noticed a death yak
  6063 | Lair:3   | Reached skill level 10 in Dodging
  6064 | Lair:3   | Noticed a death yak
  6066 | Lair:3   | Noticed a death yak
  6080 | Lair:3   | Killed a death yak
  6080 | Lair:3   | Killed a death yak
  6080 | Lair:3   | Killed a death yak
  6080 | Lair:3   | Killed a death yak
  6083 | Lair:3   | Killed a death yak
  6124 | Lair:3   | Reached XP level 14. HP: 127/127 MP: 23/23
  6201 | Lair:3   | Reached ***** piety under Nemelex Xobeh
  6207 | Lair:3   | Found a bloodstained altar of Trog.
  6216 | Lair:3   | Found a staircase to the Snake Pit.
  6341 | Lair:3   | Received a gift from Nemelex Xobeh
  6352 | Lair:3   | Found a staircase to the Shoals.
  6567 | Lair:4   | Received a gift from Nemelex Xobeh
  6575 | Lair:4   | Identified the +0 war axe "Plog" {elec, rC- Int+6 SInv}
  6764 | Lair:5   | Entered Level 5 of the Lair of Beasts
  6872 | Lair:5   | Found a gate leading to a gauntlet.
  6905 | Lair:5   | Reached skill level 10 in Ranged Weapons
  7021 | Gauntlet | Entered a Gauntlet
  7021 | Gauntlet | Found a transporter.
  7021 | Gauntlet | Found a transporter.
  7021 | Gauntlet | Found a transporter.
  7025 | Gauntlet | Found a transporter.
  7025 | Gauntlet | Found a transporter.
  7026 | Gauntlet | Found a transporter.
  7054 | Gauntlet | Reached XP level 15. HP: 118/137 MP: 24/24
  7063 | Gauntlet | Noticed a balrug
  7077 | Gauntlet | Found a transporter.
  7078 | Gauntlet | Received a gift from Nemelex Xobeh
  7081 | Gauntlet | Found a transporter.
  7098 | Gauntlet | Killed a balrug
  7110 | Gauntlet | Identified the +1 helmet "Ahoduwn" {Harm rC+ Str+3}
  7117 | Gauntlet | Noticed a quicksilver ooze
  7120 | Gauntlet | Found a transporter.
  7131 | Gauntlet | Killed a quicksilver ooze
  7146 | Gauntlet | Found a transporter.
  7164 | Gauntlet | HP: 5/137 [minotaur/+6 battleaxe of flaming (6)]
  7165 | Gauntlet | Annihilated by a minotaur

Illustrated notes

Levels and vault maps discovered:
D:1:      dpeg_arrival_simpleton_b, layout_loops_ring,
          shapermc_ecumenical_altar_mp_urbaneastern, minmay_box_of_dots
D:2:      layout_basic
D:3:      layout_basic, mainiacjoe_overflow_cross_hatched
D:4:      layout_loops_ring, gammafunk_ghost_arena, minmay_puff
D:5:      layout_cave_pools, grunt_ministairs_3
D:6:      layout_rooms, grunt_decor_clamped
D:7:      minmay_the_grid_octo_tiled_squarecenter
          [minmay_the_grid_octo_pinwheel, minmay_the_grid_octo_odd_swirl,
          minmay_the_grid_octo_toaster, minmay_the_grid_octo_empty,
          minmay_the_grid_square_5x5_megaprize_checkered,
          minmay_the_grid_square_5x5_moneybag,
          minmay_the_grid_square_5x5_inner_v,
          minmay_the_grid_square_5x5_hollow_slash,
          minmay_the_grid_square_5x5_empty], layout_gridville,
          grunt_temple_overflow_open,
          chequers_temple_overflow_statue_of_worship, lemuel_temple_firewalk_b,
          uniq_joseph
D:8:      layout_rooms, serial_shops, nicolae_shop_trees, minmay_manual_maat
D:9:      cheibrodos_two_vegetables, layout_basic, orc_0_dummy,
          minmay_misc_feat_encased, uniq_erica
D:10:     layout_roguey, serial_shops, nicolae_shop_overgrown_old_shop
D:11:     layout_basic, lair_entry_dummy, nicolae_kikubaaqudgha_miasma_corner
Lair:1:   layout_regular_city, uniq_maggie, uniq_grum, uniq_harold
Lair:2:   layout_hall_layers, lemuel_fruit_tree, serial_bayou_shore_b
Lair:3:   layout_cave_shapes, minmay_shoals_entry_centaurs,
          guppyfry_snake_entry_island, basic_altar, lemuel_fruit_fields,
          grunt_megastairs_2
Lair:4:   layout_cave_shapes, dpeg_slime_entry_enclosed, minivault_11,
          cheibrodos_lair_caveside_slide, wad_woods_06
Lair:5:   grunt_lair_end_beastmaster, layout_regular_city,
          ebering_ghost_disaster_area, gauntlet_entry_generic,
          serial_bayou_shore_b, grunt_megastairs_1
Gauntlet: gammafunk_gauntlet_hard_choice [gammafunk_gauntlet_arena_split_x,
          gammafunk_gauntlet_arena_open, gammafunk_gauntlet_arena_arrow_garden,
          nicolae_gauntlet_arena_quarters,
          gammafunk_gauntlet_arena_split_diamond,
          nicolae_gauntlet_arena_flowing_pool, gauntlet_exit_watery]

Skill      XL: |  1  2  3  4  5  6  7  8  9 10 11 12 13 14 15 |
---------------+----------------------------------------------+-----
Maces & Flails | 5 6 8 9 11 12 14 | 14.0
Fighting       | 3 4 5 6 7 8 10 11 12 13 | 13.8
Invocations    | 2 5 6 8 10 11 | 11.0
Armour         | 4 6 7 |  7.1
Dodging        | 5 7 9 10 11 12 | 12.0
Evocations     | 3 6 8 |  8.9
Ranged Weapons | 2 7 10 | 10.8
Throwing       | |  2.4

Action                     |  1- 3 |  4- 6 |  7- 9 | 10-12 | 13-15 || total
---------------------------+-------+-------+-------+-------+-------++-------
  Melee: Flail             |    94 |   191 |   202 |   726 |   444 ||  1657
         Punch             |       |     2 |       |    14 |    11 ||    27
         Demon whip        |       |       |       |       |    20 ||    20
  Throw: Dart              |       |       |     2 |       |       ||     2
         Throwing net      |       |       |     1 |     2 |       ||     3
         Javelin           |       |       |       |     2 |       ||     2
 Invoke: Draw Destruction  |       |       |     4 |     6 |     6 ||    16
         Draw Summoning    |       |       |     1 |     1 |     7 ||     9
         Draw Escape       |       |       |       |     2 |     1 ||     3
  Evoke: Box of beasts     |       |       |       |       |     1 ||     1
    Use: Scroll            |       |     4 |    12 |     3 |     5 ||    24
         Potion            |       |     1 |     4 |       |     2 ||     7
   Stab: Held in net/web   |       |       |       |     2 |       ||     2
         Distracted        |       |       |       |       |     4 ||     4
 Armour: Leather armour    |    38 |       |       |       |       ||    38
         Ring mail         |       |   109 |    91 |   175 |       ||   375
         Troll leather arm |       |       |       |    33 |   191 ||   224
  Dodge: Dodged            |    69 |   109 |    95 |   405 |   393 ||  1071
